[Event "*** Titled Tuesday Blitz"]
[Site "Chess.com"]
[Date "2020.11.24"]
[Round "4"]
[White "Itk04"]
[Black "Gusarov91"]
[Result "0-1"]
[WhiteElo "2485"]
[BlackElo "2665"]
[TimeControl "180+1"]
[EndTime "10:55:08 PST"]
[Termination "Gusarov91 won by checkmate"]

1. d4 Nf6 2. c4 g6 3. Nc3 d5 4. cxd5 Nxd5 5. e4 Nb6 6. a4 a5 7.
Be3 Bg7 8. Nf3 Bg4 9. Be2 O-O 10.
O-O Bxf3 11. Bxf3 Nc4 12. Qb3 Nxe3 13. fxe3 Ra6 14. Qxb7 Rb6 15. Qd5 Rxb2 16. Qxa5 Nc6 17. Qc5 Nxd4 18. Rad1 Nxf3+ 19. Rxf3 Rd2 20. Rxd2 Qxd2 21.
Nd5 e6 22. Nf6+ Bxf6 23. Rxf6 Qd1+ 24. Rf1 Qxa4 25. e5 c6 26. Rf4 Qd1+ 27. Rf1 Qd5 28.
Rc1 Qe4 29. Qd4 Qxd4 30. exd4 Rd8 31. Rc4 Kf8 32. Kf2 Ke7 33. Ke3 Kd7 34. Ra4 Rb8 35. Ra7+ Ke8 36. Rc7 Rb2 37. g4 Rxh2 38. Rxc6 h5 39.
gxh5 Rxh5 40. Rc7 Rh4 41. Rc8+ Ke7 42. Rc7+ Kf8 43. Kd3 g5 44. Ke3 Kg7 45. Kf3 Kg6 46. Rd7 Rf4+ 47. Ke3 Rf5 48. Ke4 g4 49. d5 g3 50.
dxe6 g2 51. Rd1 Rf1 52. e7 g1=Q 53. e8=Q Qg2+ 54. Ke3 Qf3+ 55. Kd2 Rxd1+ 56. Kc2 Qd3+ 57. Kb2 Rb1+ 58. Ka2 Qb3# 0-1

[Event "*** Titled Tuesday Blitz"]
[Site "Chess.com"]
[Date "2020.11.24"]
[Round "4"]
[White "Fandorine"]
[Black "GregShahade"]
[Result "1-0"]
[WhiteElo "2870"]
[BlackElo "2735"]
[TimeControl "180+1"]
[EndTime "10:55:09 PST"]
[Termination "Fandorine won by resignation"]

1. Nf3 Nf6 2. g3 g6 3. b3 Bg7 4. Bb2 O-O 5. c4 a5 6. Nc3 b6 7. Bg2 Bb7 8. O-O d6 9. d4 Ne4 10. Qd3 Nxc3 11. Bxc3 Nd7 12. d5 Bxc3 13. Qxc3 e5 14.
e4 f5 15. h4 h6 16. h5 Nf6 17. Nh4 Nxh5 18. Nxg6 Rf6 19. exf5 Rxf5 20. f4 Rf6 21. f5 Qd7 22. Qe3 Kh7 23. g4 Nf4 24. Nxf4 exf4 25. Rxf4 Rg8 26. Re1 Qg7 27. Re4 Rxf5 28. Re7 Rf7 29.
Be4+ Kh8 30. Rxf7 Qxg4+ 31. Kf1 Rg5 32. Qc3+ Kg8 33. Rf2 Re5 34. Rg2 Qxg2+ 35. Bxg2 1-0

[Event "*** Titled Tuesday Blitz"]
[Site "Chess.com"]
[Date "2020.11.24"]
[Round "4"]
[White "AlexeiShirov"]
[Black "Margency"]
[Result "1-0"]
[WhiteElo "2833"]
[BlackElo "2661"]
[TimeControl "180+1"]
[EndTime "10:55:09 PST"]
[Termination "AlexeiShirov won by resignation"]

1. e4 c5 2. Nf3 d6 3. d4 cxd4 4.
Nxd4 Nf6 5. Nc3 a6 6. h3 e6 7. g4 h6 8. Bg2 Nbd7 9. Be3 g5 10.
Qe2 Ne5 11. O-O-O Bd7 12. f4 gxf4 13. Bxf4 Rc8 14. Rhf1 Be7 15. Qe1 b5 16. Nce2 Qc7 17. Kb1 b4 18. Qxb4 Rb8 19. Qc3 Nc4 20. Bc1 O-O 21. Nb3 Rfc8 22. Ka1 e5 23. Bxh6 a5 24. g5 Nh7 25. Qg3 Nf8 26. Nc3 Be6 27. g6 Nxg6 28.
Nd5 Bxd5 29. exd5 Nxb2 30. Rxf7 Kxf7 31. Rf1+ Bf6 32. Rxf6+ Kxf6 33. Be4 Nf4 34. Bxf4 exf4 35. Qg6+ Ke7 36. Qg7+ Kd8 37. Qf8+ 1-0

[Event "*** Titled Tuesday Blitz"]
[Site "Chess.com"]
[Date "2020.11.24"]
[Round "4"]
[White "yourstrulyme"]
[Black "oskariot"]
[Result "0-1"]
[WhiteElo "2474"]
[BlackElo "2651"]
[TimeControl "180+1"]
[EndTime "10:55:09 PST"]
[Termination "oskariot won by resignation"]

1. d4 Nf6 2. Nf3 c5 3. d5 g6 4. Nc3 d6 5. e4 Bg7 6. Be2 O-O 7. O-O e6 8. h3 exd5 9. exd5 Re8 10. Bf4 Ne4 11.
Nxe4 Rxe4 12. Bg3 Bxb2 13. Bd3 Re8 14. Nd2 Be5 15. Bxe5 Rxe5 16. Qf3 Re8 17. Rae1 Nd7 18. Ne4 f5 19. Nxd6 Ne5 20. Rxe5 Rxe5 21. Nb5 a6 22.
Qf4 Qf6 23. Nc7 Rb8 24. d6 Bd7 25. Bc4+ Kh8 26. Rd1 g5 27. Qd2 Rf8 28. Bd5 Qxd6 29. Bxb7 Qxc7 30. Qxd7 Re1+ 31. Rxe1 Qxd7 0-1

[Event "*** Titled Tuesday Blitz"]
[Site "Chess.com"]
[Date "2020.11.24"]
[Round "4"]
[White "shriyanasmallya"]
[Black "ExtremeLearner"]
[Result "0-1"]
[WhiteElo "1678"]
[BlackElo "2383"]
[TimeControl "180+1"]
[EndTime "10:55:09 PST"]
[Termination "ExtremeLearner won by checkmate"]

1. e4 c6 2. d4 d5 3. Nc3 dxe4 4.
Nxe4 Nf6 5. Ng3 h5 6. h4 Bg4 7.
Be2 Nbd7 8. Bxg4 hxg4 9. Be3 e5 10. dxe5 Nxe5 11. N1e2 Bb4+ 12. Nc3 Qxd1+ 13. Rxd1 Nd5 14. Bd2 Bxc3 15. Bxc3 Nxc3 16. bxc3 O-O 17. O-O f5 18. Rfe1 Rae8 19. h5 f4 20. Ne4 Nc4 21. Rd4 b5 22. Red1 f3 23. g3 Nb2 24. Rb1 Na4 25. Nd6 Re2 26. Rxg4 Nxc3 27. Rc1 Re6 28. Rd1 Ne2+ 29. Kh2 Rd8 30. Nf5 Rxd1 31. Nxg7 Rh6 32. Nf5+ Kh7 33. Nxh6 Kxh6 34. Rg6+ Kxh5 35. Rxc6 Rf1 36. Rc5+ Kg4 37. Rxb5 Rxf2+ 38. Kh1 Nxg3+ 39. Kg1 Rg2# 0-1

[Event "*** Titled Tuesday Blitz"]
[Site "Chess.com"]
[Date "2020.11.24"]
[Round "4"]
[White "Cambek64"]
[Black "niki_2003"]
[Result "1-0"]
[WhiteElo "2291"]
[BlackElo "1993"]
[TimeControl "180+1"]
[EndTime "10:55:09 PST"]
[Termination "Cambek64 won by resignation"]

1. e4 c5 2. Nc3 a6 3. Nf3 b5 4. d4 cxd4 5. Nxd4 Bb7 6. Bd3 d6 7. O-O Nf6 8. Qe2 g6 9. Be3 Bg7 10. a3 O-O 11. Rad1 Nbd7 12. f4 Nc5 13. e5 dxe5 14.
fxe5 Nd5 15. Nb3 Nxc3 16. bxc3 Nxb3 17. cxb3 Qc7 18. Bd4 Rad8 19. Be4 Bxe5 20. Bxb7 Bxd4+ 21. cxd4 Qxb7 22. h4 e6 23. h5 Rd5 24. h6 Rfd8 25.
Qf3 Qe7 26. Qe3 Rh5 27. Rf3 e5 28. d5 e4 29. Rh3 Rhxd5 30. Re1 f5 31. b4 Rd3 32. Qf4 Rxh3 33. gxh3 Qd6 34. Qg5 Qb6+ 35. Kf1 Rd3 36. Re2 Qe6 37. Rc2 Rf3+ 38. Ke2 Rxh3 39.
Qd8+ Kf7 40. Rc7+ Qe7 41. Qxe7+ 1-0

[Event "*** Titled Tuesday Blitz"]
[Site "Chess.com"]
[Date "2020.11.24"]
[Round "4"]
[White "Korchmar_Vasiliy"]
[Black "Pikachess999"]
[Result "0-1"]
[WhiteElo "2590"]
[BlackElo "2368"]
[TimeControl "180+1"]
[EndTime "10:55:11 PST"]
[Termination "Pikachess999 won on time"]

1. e4 e6 2. d4 d5 3. exd5 exd5 4. Nf3 Nf6 5. Bd3 Bd6 6. Qe2+ Qe7 7. Qxe7+ Bxe7 8.
O-O O-O 9. Bf4 c6 10. Re1 Re8 11. c4 Nbd7 12. Nc3 Nb6 13. c5 Nbd7 14. b4 Nf8 15. b5 Bd7 16. Ne5 Ne6 17. Be3 Bxc5 18. Nxd7 Nxd7 19.
bxc6 bxc6 20. Bf5 Bb4 21. Rec1 Ndf8 22. Na4 Rac8 23. Rab1 a5 24. Nc5 g6 25. Bh3 f5 26.
Nd3 Nd7 27. Nxb4 axb4 28. Rxb4 c5 29. dxc5 Ndxc5 30. Rb5 d4 31. Bh6 Ne4 32. Rxc8 Rxc8 33. g3 d3 0-1

[Event "*** Titled Tuesday Blitz"]
[Site "Chess.com"]
[Date "2020.11.24"]
[Round "4"]
[White "Savagelittlemole"]
[Black "SergeyShtyka"]
[Result "0-1"]
[WhiteElo "2574"]
[BlackElo "2388"]
[TimeControl "180+1"]
[EndTime "10:55:13 PST"]
[Termination "SergeyShtyka won by checkmate"]

1. e4 c5 2. Ne2 Nc6 3. g3 g6 4.
Bg2 Bg7 5. O-O e6 6. d3 Nge7 7. f4 O-O 8. Nd2 Rb8 9. Nf3 d6 10. Rb1 b5 11. Be3 a5 12. e5 dxe5 13. Bxc5 exf4 14.
Nxf4 Nd4 15. Kh1 Nxf3 16. Qxf3 Bb7 17. Qf2 Bxg2+ 18. Qxg2 Bd4 19. Bxe7 Qxe7 20. c3 Bg7 21. d4 b4 22. Rbd1 bxc3 23. bxc3 Qa3 24. d5 exd5 25. Nxd5 Rb2 26. Rf2 Rxf2 27. Qxf2 Bxc3 28. Rd3 Qc1+ 29. Kg2 Bg7 30. Ne7+ Kh8 31. Nd5 h5 32. Nf4 Qc6+ 33. Kg1 Kh7 34. Rd2 Rb8 35. h3 Rb1+ 36. Kh2 Rh1# 0-1

[Event "*** Titled Tuesday Blitz"]
[Site "Chess.com"]
[Date "2020.11.24"]
[Round "4"]
[White "kasparicy"]
[Black "Mikhail_Golubev"]
[Result "1-0"]
[WhiteElo "2388"]
[BlackElo "2571"]
[TimeControl "180+1"]
[EndTime "10:55:13 PST"]
[Termination "kasparicy won by resignation"]

1. e4 c5 2. Nf3 d6 3. d4 cxd4 4.
Nxd4 Nf6 5. Nc3 g6 6. Be2 Bg7 7. Be3 Nc6 8. Qd2 O-O 9. O-O-O Ng4 10. Bxg4 Bxg4 11. f3 Bd7 12. h4 Ne5 13. b3 Qa5 14.
Kb1 Rfc8 15. Nd5 Qxd2 16. Rxd2 Kf8 17. h5 e6 18. Nf4 b5 19. Nde2 Rc6 20. h6 Bf6 21. Rhd1 Be7 22. Bd4 Be8 23. Bxe5 dxe5 24. Nh3 a5 25. g4 a4 26. Nc1 Bb4 27. Rd8 Ra7 28. Nd3 Be7 29. Nxe5 Rcc7 30. Rb8 Bf6 31. f4 axb3 32. axb3 Ke7 33. Ng5 Bxe5 34. fxe5 Bc6 35. Rdd8 Ra6 36. Nxh7 Bxe4 37. Re8+ Kd7 38. Rbd8+ Kc6 39. Nf6 Bf3 40. Rd6+ Kb7 41. Rxa6 Kxa6 42. h7 1-0

[Event "*** Titled Tuesday Blitz"]
[Site "Chess.com"]
[Date "2020.11.24"]
[Round "4"]
[White "2346PL"]
[Black "quesfr"]
[Result "1-0"]
[WhiteElo "2436"]
[BlackElo "2234"]
[TimeControl "180+1"]
[EndTime "10:55:13 PST"]
[Termination "2346PL won on time"]

1. d4 d5 2. Nc3 e6 3. Bf4 Bd6 4. e3 Nf6 5. Bd3 Bxf4 6. exf4 b6 7. Nf3 Ba6 8. Bxa6 Nxa6 9. f5 c5 10. fxe6 fxe6 11. O-O O-O 12. Qe2 Nc7 13. Rae1 cxd4 14. Nxd4 Qd6 15. Ncb5 Nxb5 16. Nxb5 Qc5 17. Qxe6+ Kh8 18.
Nd6 Qc7 19. c3 Rad8 20. Nb5 Qc4 21. Nd6 Qc7 22. Nb5 Qc4 23. Nd4 Qxa2 24. Qh3 Rde8 25. Ne6 Rg8 26. Ng5 Rgf8 27. Re6 h6 28. Rxe8 Rxe8 29. Nf7+ Kg8 30. Nd6 Re7 31. Qc8+ Kh7 32. Qf5+ Kg8 33. Qc8+ Kh7 34. Qf8 Rd7 35. Ne8 Qxb2 36.
Nxf6+ gxf6 37. Qxf6 Rg7 38. Re1 Qd2 39. Qf5+ Rg6 40.
Re7+ Kh8 41. Qf8+ 1-0

[Event "*** Titled Tuesday Blitz"]
[Site "Chess.com"]
[Date "2020.11.24"]
[Round "4"]
[White "BebeBonito2022"]
[Black "Caisachess"]
[Result "1/2-1/2"]
[WhiteElo "2102"]
[BlackElo "2387"]
[TimeControl "180+1"]
[EndTime "10:55:13 PST"]
[Termination "Game drawn by agreement"]

1. d4 Nf6 2. c4 e6 3. Nc3 Bb4 4. e3 d5 5. Bd2 O-O 6. Nf3 c5 7. a3 Bxc3 8. Bxc3 Ne4 9. Rc1 Nxc3 10. Rxc3 cxd4 11. Qxd4 Nc6 12. Qd2 dxc4 13. Bxc4 Qxd2+ 14. Kxd2 Rd8+ 15. Ke2 Bd7 16. Rd1 Be8 17. Rxd8 Rxd8 18. b4 Kf8 19. Rd3 Rxd3 20. Kxd3 Ke7 21. g4 f6 22. h4 Bg6+ 23. Kc3 Kd6 24. h5 Be4 25.
Nd2 Bd5 26. f4 e5 27. Bd3 h6 28. Ne4+ Bxe4 29. Bxe4 Nd8 30. Kc4 a6 31. a4 b6 32.
b5 a5 33. Bd5 Ne6 34. Bxe6 Kxe6 35. f5+ Kd6 36. e4 Ke7 37. Kd5 Kd7 1/2-1/2

[Event "*** Titled Tuesday Blitz"]
[Site "Chess.com"]
[Date "2020.11.24"]
[Round "4"]
[White "crazy_but_lazy"]
[Black "HajduIstvanCM"]
[Result "1-0"]
[WhiteElo "2445"]
[BlackElo "1704"]
[TimeControl "180+1"]
[EndTime "10:55:14 PST"]
[Termination "crazy_but_lazy won on time"]

1. Nf3 d5 2. c4 c6 3. b3 Bf5 4. g3 Nf6 5. Bg2 e6 6. O-O h6 7. Bb2 Be7 8. d3 Nbd7 9. Nbd2 Bh7 10. Rc1 O-O 11. Rc2 Rc8 12. Qa1 Nc5 13. Ne5 Ncd7 14. Ndf3 Nxe5 15. Nxe5 Ne8 16. a3 f6 17. Nf3 Nd6 18. Nd4 Qd7 19. Bh3 f5 20. Nf3 Bf6 21. Ne5 Qe8 22. c5 Nf7 23. Nxf7 Qxf7 24. Be5 Bxe5 25.
Qxe5 Qf6 26. Qxf6 Rxf6 27. d4 g5 28. f4 g4 29. Bg2 Bg6 30. b4 a6 31. Kf2 Be8 32. Rb1 Rf7 33. Rc3 h5 34. Bf1 Rfc7 35.
a4 Kf7 36. e3 Kf6 37. Rcb3 Bd7 38. b5 cxb5 39. axb5 axb5 40. Bxb5 Bc6 41. Ra1 Ke7 42. Ke2 Kd7 43. Kd3 Ke7 44. Kc3 Kd7 45. Kb4 Ke7 46.
Ra7 Kd7 47. Ka5 Ke7 48. Kb6 Kd7 49. Rba3 Kd8 50. Ra8 Bxb5 51. Kxb5 Kd7 52. R3a7 Kd8 53. Rxc8+ Kxc8 54. Ra8+ Kd7 55. Rh8 1-0

[Event "*** Titled Tuesday Blitz"]
[Site "Chess.com"]
[Date "2020.11.24"]
[Round "4"]
[White "louis198"]
[Black "Michaelson_11"]
[Result "1-0"]
[WhiteElo "2538"]
[BlackElo "2145"]
[TimeControl "180+1"]
[EndTime "10:55:15 PST"]
[Termination "louis198 won on time"]

1. d4 Nf6 2. c4 g6 3. Nc3 Bg7 4. e4 O-O 5. Nf3 d6 6. Be2 e5 7. O-O exd4 8. Nxd4 Re8 9. f3 c6 10. Nc2 Na6 11. Bf4 Qb6+ 12. Kh1 Nh5 13. Na4 Qa5 14. Bd2 Qc7 15. Rc1 Be6 16. Bc3 Rad8 17. Bxg7 Nxg7 18. Nd4 Nc5 19. b4 Nxa4 20. Qxa4 Qb6 21.
Rfd1 d5 22. cxd5 cxd5 23. Bb5 Re7 24. Nxe6 fxe6 25. exd5 exd5 26. Bf1 d4 27. Rc5 Red7 28. Qb3+ Kh8 29. a4 a6 30. a5 Qd6 31. Bd3 Ne6 32.
Rc4 Nf4 33. Be4 d3 34. g3 Ne6 35. Rxd3 1-0

[Event "*** Titled Tuesday Blitz"]
[Site "Chess.com"]
[Date "2020.11.24"]
[Round "4"]
[White "lucachess49"]
[Black "korbul"]
[Result "0-1"]
[WhiteElo "2346"]
[BlackElo "2561"]
[TimeControl "180+1"]
[EndTime "10:55:15 PST"]
[Termination "korbul won by resignation"]

1. d4 Nf6 2. c4 e6 3. Nc3 Bb4 4. e3 b6 5. Ne2 Bb7 6. a3 Be7 7. Ng3 h5 8. h4 g6 9. e4 d6 10. Be2 e5 11. d5 a5 12. Nf1 Na6 13. Be3 Nc5 14. Nd2 a4 15. g3 Bc8 16. Qc2 Bd7 17.
O-O-O Ng4 18. Nf1 Nxe3 19. Nxe3 Nb3+ 20. Kb1 Nd4 21. Qd3 f5 22. Nc2 Nxe2 23. Qxe2 Bf6 24.
f3 Qe7 25. Nb5 Bxb5 26. cxb5 Qd7 27. Nb4 f4 28. Rhg1 fxg3 29. Rxg3 Kf7 30. Rdg1 Rag8 31.
Rh1 g5 32. hxg5 Rxg5 33. Rxg5 Bxg5 34. Qc2 h4 35. Na6 h3 36. Qxc7 Qxc7 37. Nxc7 h2 38. Ne6 Be3 39. Kc2 Bg1 40. Kd2 Rg8 41. Ke1 Rg2 42.
Kf1 Rxb2 43. Ng5+ Kg6 44. Nh3 Be3 45. f4 exf4 46. e5 dxe5 47. d6 Kf6 48. Ng5 Kxg5 49. d7 0-1

[Event "*** Titled Tuesday Blitz"]
[Site "Chess.com"]
[Date "2020.11.24"]
[Round "4"]
[White "MarkoPe"]
[Black "Chessalary"]
[Result "0-1"]
[WhiteElo "2200"]
[BlackElo "2430"]
[TimeControl "180+1"]
[EndTime "10:55:15 PST"]
[Termination "Chessalary won on time"]

1. e4 c5 2. Nf3 d6 3. d4 cxd4 4. Nxd4 Nf6 5. Nc3 a6 6. f3 e5 7. Nb3 Be6 8. Be3 Be7 9. Qd2 O-O 10. O-O-O Nbd7 11. g4 b5 12. g5 Ne8 13. h4 Nb6 14. f4 exf4 15. Bxf4 b4 16. Nd5 Bxd5 17. exd5 a5 18.
Nd4 Qd7 19. Bh3 Qc7 20. Rhe1 a4 21. Nc6 Bd8 22. Kb1 b3 23. cxb3 axb3 24. a3 g6 25. Rc1 Qb7 26. h5 Ng7 27. h6 Nh5 28. Bxd6 Bc7 29. Re7 Rac8 30. Ne5 Qxd5 31. Qxd5 Nxd5 32.
Rexc7 Nxc7 0-1

[Event "*** Titled Tuesday Blitz"]
[Site "Chess.com"]
[Date "2020.11.24"]
[Round "4"]
[White "skoularikii"]
[Black "Ermito2020"]
[Result "1/2-1/2"]
[WhiteElo "2480"]
[BlackElo "2631"]
[TimeControl "180+1"]
[EndTime "10:55:16 PST"]
[Termination "Game drawn by repetition"]

1. e4 c5 2. Nf3 d6 3. Bb5+ Nd7 4. c3 a6 5. Ba4 b5 6. Bc2 Ngf6 7. O-O e5 8. d4 Be7 9. a4 Bb7 10. Qe2 O-O 11. d5 c4 12. Na3 Nc5 13. Bd2 Qb6 14.
Be3 Bc8 15. h3 Bd7 16. Nd2 Qc7 17. a5 Rfe8 18. g4 Rec8 19. Kg2 h6 20. f4 exf4 21. Rxf4 Nh7 22. Raf1 Be8 23. Nf3 Nd7 24. Bd4 Bf6 25.
e5 dxe5 26. Qe4 g6 27. Nxe5 Bxe5 28. Rxf7 Bxf7 29. Rxf7 Nhf8 30. Re7 Nc5 31. Qxe5 Qxe5 32. Bxe5 Re8 33. Rg7+ Kh8 34. Re7+ Kg8 35. Rg7+ Kh8 36.
Re7+ Kg8 1/2-1/2

[Event "*** Titled Tuesday Blitz"]
[Site "Chess.com"]
[Date "2020.11.24"]
[Round "4"]
[White "Gudmundur_Kjartansson"]
[Black "ARTHURMOTIVATOR"]
[Result "1-0"]
[WhiteElo "2558"]
[BlackElo "2294"]
[TimeControl "180+1"]
[EndTime "10:55:16 PST"]
[Termination "Gudmundur_Kjartansson won on time"]

1. d4 Nf6 2. c4 c5 3. d5 g6 4. Nc3 Bg7 5. e4 d6 6. Bd3 O-O 7. Nge2 e5 8. f3 Nbd7 9. Bg5 h6 10. Be3 Nh5 11. g4 Nf4 12. Nxf4 exf4 13. Bxf4 Ne5 14. Be2 Qf6 15. Qd2 g5 16. Bxe5 Qxe5 17. O-O-O a6 18. h4 b5 19. hxg5 hxg5 20. cxb5 axb5 21. Bxb5 Ba6 22. Bxa6 Rxa6 23. Qh2 Rb8 24. Qxe5 Bxe5 25. Kc2 Rxa2 26. Rb1 Ra6 27. Rh5 Bf6 28. e5 dxe5 29.
Ne4 Bd8 30. Nxc5 Rab6 31. Ne4 Rc8+ 32. Nc3 Be7 33. Rbh1 Bf6 34. Rh6 Kf8 35. Rxf6 1-0

[Event "*** Titled Tuesday Blitz"]
[Site "Chess.com"]
[Date "2020.11.24"]
[Round "4"]
[White "Piotrek1979"]
[Black "GoltsevDmitry2000"]
[Result "1/2-1/2"]
[WhiteElo "2501"]
[BlackElo "2671"]
[TimeControl "180+1"]
[EndTime "10:55:17 PST"]
[Termination "Game drawn by repetition"]

1. e4 c5 2. Nf3 e6 3. c3 Nc6 4.
d4 cxd4 5. cxd4 d5 6. exd5 exd5 7. Bb5 Bd7 8. O-O Nf6 9. Re1+ Be7 10. Qe2 Ne4 11. Nc3 Bf5 12. Ne5 Rc8 13. f3 Nxc3 14.
bxc3 O-O 15. Bxc6 bxc6 16. Nxc6 Rxc6 17. Qxe7 Qxe7 18. Rxe7 Rxc3 19. Rxa7 Re8 20. Bd2 Rc2 21. Re1 Rb8 22. Bf4 Rbc8 23. Ree7 g5 24. Be5 Be6 25.
h3 h5 26. a4 Bxh3 27. gxh3 Rc1+ 28. Kf2 R8c2+ 29. Ke3 Rc3+ 30. Kd2 R1c2+ 31. Kd1 Rc1+ 32.
Kd2 R1c2+ 33. Kd1 Rc1+ 34. Kd2 1/2-1/2

[Event "*** Titled Tuesday Blitz"]
[Site "Chess.com"]
[Date "2020.11.24"]
[Round "4"]
[White "RTFrancisco"]
[Black "onetowin"]
[Result "1-0"]
[WhiteElo "2362"]
[BlackElo "2107"]
[TimeControl "180+1"]
[EndTime "10:55:18 PST"]
[Termination "RTFrancisco won by resignation"]

1. c4 f5 2. Nc3 Nf6 3. h3 d6 4. d3 Nc6 5. Bg5 e5 6. e3 Be7 7.
Be2 O-O 8. Nf3 h6 9. Bxf6 Bxf6 10.
Nd5 Be6 11. O-O e4 12. dxe4 fxe4 13. Nd2 Bxb2 14. Rb1 Bf6 15. Nxe4 Bxd5 16. Qxd5+ Kh8 17. Rxb7 Ne5 18. f4 Ng6 19. Nxf6 Rxf6 20. Rxc7 Qxc7 21. Qxa8+ Rf8 22. Qe4 Qc5 23. Bd3 Rf6 24. g3 Nf8 25. Qd4 Qa3 26. Rf2 Ne6 27. Qb2 Qc5 28. e4 Nd4 29.
Qb8+ Kh7 30. e5+ Rg6 31. Bxg6+ Kxg6 32. Qb1+ Kf7 33. Qd3 dxe5 34. fxe5+ Ke7 35. Kh2 Qxe5 36. Qf1 Ke6 37. Qd3 h5 38. h4 Qd6 39. Qg6+ Kd7 40. Rf7+ Kc6 41. Qxd6+ Kxd6 42. Rxa7 1-0

[Event "*** Titled Tuesday Blitz"]
[Site "Chess.com"]
[Date "2020.11.24"]
[Round "4"]
[White "boasovietica"]
[Black "Kapibara_Warri0r"]
[Result "1-0"]
[WhiteElo "2418"]
[BlackElo "2168"]
[TimeControl "180+1"]
[EndTime "10:55:18 PST"]
[Termination "boasovietica won on time"]

1. e4 e5 2. Nf3 Nc6 3. Bb5 a6 4. Ba4 Nf6 5. O-O Be7 6. d3 b5 7.
Bb3 O-O 8. Nc3 d6 9. a3 Be6 10. Bg5 h6 11. Bxf6 Bxf6 12. Nd5 Ne7 13. Nxf6+ gxf6 14. Nh4 Kh7 15. Qh5 Bxb3 16. cxb3 Rg8 17.
Qxf7+ Rg7 18. Qxf6 Qg8 19. Qf3 Rf8 20. Qh3 Rf4 21.
g3 Rfg4 22. b4 Qb3 23. Rad1 Qxb2 24. Nf5 Nxf5 25. exf5 Qd4 26. Kg2 Qd5+ 27. f3 R4g5 28. g4 Rxf5 29. Kh1 Rf4 30. Qg3 Rd4 31. h3 Rxd3 32.
Rxd3 Qxd3 33. Rg1 Qxa3 34. h4 Qxb4 35. g5 hxg5 36. hxg5 Kg8 37. g6 Qf4 38. Qh3 Qf6 39.
Qc8+ Qf8 40. Qe6+ Kh8 41. Rg3 1-0

[Event "*** Titled Tuesday Blitz"]
[Site "Chess.com"]
[Date "2020.11.24"]
[Round "4"]
[White "BogdanDeac"]
[Black "machupichu10"]
[Result "1-0"]
[WhiteElo "2901"]
[BlackElo "2754"]
[TimeControl "180+1"]
[EndTime "10:55:19 PST"]
[Termination "BogdanDeac won by resignation"]

1. Nf3 d5 2. e3 Nf6 3. c4 c6 4.
Nc3 e6 5. d4 Nbd7 6. Qc2 Bd6 7. Be2 O-O 8. O-O Re8 9. Rd1 Qe7 10. e4 dxe4 11. Nxe4 Nxe4 12. Qxe4 Nf6 13. Qh4 h6 14. Ne5 c5 15. Bxh6 gxh6 16. Qxh6 Ne4 17.
Bh5 Rf8 18. Rd3 cxd4 19. Re1 Bxe5 20. Rxe4 Bg7 21. Rg4 f5 22. Rg6 Rf6 23. Rdg3 Rxg6 24. Rxg6 Bd7 25. h4 d3 26. Bd1 Kf8 27. Qh7 Be8 28.
Rg3 f4 29. Rg4 e5 30. h5 Qf6 31. h6 Qg6 32. Rxg6 Bxg6 33. Qxg7+ Ke8 34. Qxg6+ 1-0

[Event "*** Titled Tuesday Blitz"]
[Site "Chess.com"]
[Date "2020.11.24"]
[Round "4"]
[White "Jospem"]
[Black "Eliwood44"]
[Result "1-0"]
[WhiteElo "3056"]
[BlackElo "2475"]
[TimeControl "180+1"]
[EndTime "10:55:19 PST"]
[Termination "Jospem won on time"]

1. e4 e5 2. Nf3 Nc6 3. Bb5 a6 4. Ba4 d6 5. c3 Bd7 6. d3 g6 7. O-O Bg7 8. h3 Nf6 9. Be3 O-O 10.
Nbd2 Re8 11. Re1 b5 12. Bb3 Na5 13. Bc2 c5 14. a3 Nc6 15. b4 cxb4 16. axb4 d5 17. Nb3 d4 18. cxd4 exd4 19. Nbxd4 Nxb4 20. Bb3 Nc6 21. Bxf7+ Kxf7 22. Qb3+ Kf8 23. Ng5 Re7 24.
Nxc6 Bxc6 25. Bc5 Ke8 26. Ne6 Qd7 27. Bxe7 Qxe7 28. Rac1 Rc8 29. d4 Bd7 30. Nc5 Bh6 31.
Rcd1 Rxc5 32. dxc5 Qxc5 33. e5 Nh5 34. Qg8+ Qf8 35.
Qd5 Qe7 36. Qa8+ 1-0

[Event "*** Titled Tuesday Blitz"]
[Site "Chess.com"]
[Date "2020.11.24"]
[Round "4"]
[White "Teidi96"]
[Black "sboshaon21"]
[Result "1-0"]
[WhiteElo "2296"]
[BlackElo "2090"]
[TimeControl "180+1"]
[EndTime "10:55:19 PST"]
[Termination "Teidi96 won by resignation"]

1. e4 c5 2. Nf3 e6 3. d3 Nc6 4. g3 g6 5. Bg2 Bg7 6. O-O Nge7 7. Qe2 O-O 8. c3 d5 9. e5 d4 10. c4 h6 11. h4 Qc7 12. Bf4 b6 13.
Nbd2 Bb7 14. Ne4 Rfd8 15. Nf6+ Kh8 16. Qd2 Ng8 17. Nxg8 Kxg8 18. Bxh6 Nxe5 19. Nxe5 Bxg2 20. Kxg2 Qxe5 21. Bxg7 Kxg7 22. Rae1 Qf6 23. Re4 Rh8 24. Rf4 Qe7 25. Qe2 Rae8 26. Qe5+ Kg8 27. Rf6 Rh5 28.
Qf4 Rf5 29. Rxf5 exf5 30. h5 Kg7 31. hxg6 fxg6 32. Rh1 Rh8 33. Rxh8 Kxh8 34. Qh6+ Qh7 35. Qf8+ Qg8 36. Qf6+ Qg7 37. Qh4+ Kg8 38. Qd8+ Kh7 39. Qb8 Qe7 40. Kf3 Kg7 41. Kf4 Kh7 42. Qe5 Qd8 43. b3 Kh6 44. Kf3 Kh7 45. Qe6 Qc7 46. g4 fxg4+ 47.
Kxg4 Kh6 48. f4 Qd8 49. Qe5 Qc7 50. Qxc7 1-0

[Event "*** Titled Tuesday Blitz"]
[Site "Chess.com"]
[Date "2020.11.24"]
[Round "4"]
[White "Zarikovs1999"]
[Black "hermionegrangermagic"]
[Result "0-1"]
[WhiteElo "2381"]
[BlackElo "2592"]
[TimeControl "180+1"]
[EndTime "10:55:20 PST"]
[Termination "hermionegrangermagic won on time"]

1. e4 c5 2. Nf3 Nc6 3. d4 cxd4 4. Nxd4 e5 5. Nb5 d6 6. N1c3 a6 7. Na3 b5 8. Nd5 Nge7 9. c4 Nxd5 10. cxd5 Nd4 11.
Bd3 Be7 12. O-O O-O 13. Be3 f5 14. Bxd4 exd4 15. Nc2 Bf6 16. exf5 Bb7 17. Nb4 Qd7 18. Qb3 Kh8 19. Rac1 Rac8 20. Rfe1 Rc5 21. Be4 Re8 22.
Qd3 Qe7 23. f3 Bg5 24. Rcd1 Be3+ 25. Kh1 Qh4 26. g3 Qf6 27. Nc2 h6 28. Nxe3 dxe3 29. Re2 Re5 30. Rxe3 Bxd5 31. Qe2 Bc4 32. Qf2 d5 33. Bb1 Rc8 34. Rxe5 Qxe5 35. Kg2 d4 36. Qxd4 Qe7 0-1

[Event "*** Titled Tuesday Blitz"]
[Site "Chess.com"]
[Date "2020.11.24"]
[Round "4"]
[White "Astaneh"]
[Black "Smirnov_Pavel"]
[Result "0-1"]
[WhiteElo "2611"]
[BlackElo "2825"]
[TimeControl "180+1"]
[EndTime "10:55:21 PST"]
[Termination "Smirnov_Pavel won on time"]

1. d4 Nf6 2. Bf4 e6 3. e3 c5 4. Nf3 cxd4 5. exd4 b6 6. c3 Be7 7. Bd3 Ba6 8. Bxa6 Nxa6 9. O-O O-O 10. Qd3 Nc7 11. c4 d5 12. b3 Bd6 13. Bg5 h6 14. Bh4 Rc8 15. Nc3 dxc4 16. bxc4 Be7 17. Rfd1 Nh5 18. Bxe7 Qxe7 19. d5 exd5 20. cxd5 Nf4 21.
Qf5 Qb4 22. Ne4 Ncxd5 23. Rxd5 Nxd5 24. Qxd5 Rfd8 25. Qf5 Qb2 26. Rf1 Rc1 27. g3 Rxf1+ 28. Kxf1 Qxa2 29. Ne5 Qd5 30. f3 Re8 31. f4 Rd8 32. Kg2 b5 33. Kh3 b4 34. Kg4 b3 35. Nc3 Qe6 0-1

[Event "*** Titled Tuesday Blitz"]
[Site "Chess.com"]
[Date "2020.11.24"]
[Round "4"]
[White "Leonid_Starozhilov"]
[Black "Shankland"]
[Result "1/2-1/2"]
[WhiteElo "2670"]
[BlackElo "2892"]
[TimeControl "180+1"]
[EndTime "10:55:21 PST"]
[Termination "Game drawn by repetition"]

1. e4 c6 2. d3 d5 3. Nd2 g6 4. Ngf3 Bg7 5. d4 dxe4 6. Nxe4 Nf6 7. Nxf6+ exf6 8. Bc4 O-O 9. O-O Nd7 10. Bb3 Nb6 11. c3 a5 12. Bf4 a4 13. Bc2 Be6 14. b3 Re8 15. Re1 Qd7 16. h3 Bf5 17. Rxe8+ Rxe8 18. Qd2 h5 19. Re1 Rxe1+ 20. Nxe1 Qe6 21. c4 Bf8 22.
Qe3 Bxc2 23. Qxe6 fxe6 24. Nxc2 Kf7 25. Kf1 Nd7 26. Ke2 g5 27. Bg3 axb3 28. axb3 c5 29. f3 cxd4 30. Nxd4 Bc5 31. Nc2 e5 32. Be1 Ke6 33.
g4 h4 34. b4 Be7 35. Ne3 Nb6 36.
Kd3 Bf8 37. c5 Nd5 38. Nxd5 Kxd5 39. Bd2 Be7 40. Bc3 Bd8 41. Bd2 Bc7 42. Be3 Bd8 43. Bf2 Be7 44. Be3 Bd8 45. Bf2 Be7 46. Be3 Bd8 1/2-1/2